 Dungeon Crawl Stone Soup version 0.22.1-2-g9c5b331 (webtiles) character file.

161 lapinsky the Slasher (level 5, -3/45 HPs)
             Began as a Minotaur Gladiator on Nov 22, 2018.
             Was an Initiate of Vehumet.
             Slain by Sigmund
             ... wielding a +0 scythe
              (6 damage)
             ... on level 3 of the Dungeon.
             The game lasted 00:25:57 (2691 turns).

lapinsky the Slasher (Minotaur Gladiator)           Turns: 2691, Time: 00:25:58

Health: -3/45      AC:  3    Str: 20    XL:     5   Next: 19%
Magic:  4/4        EV: 13    Int:  5    God:    Vehumet [......]
Gold:   78         SH:  0    Dex: 11    Spells: 4/4 levels left

rFire    . . .     SeeInvis .   w - +3 short sword (elec)
rCold    . . .     Gourm    .   (no shield)
rNeg     . . .     Faith    .   b - +0 leather armour
rPois    .         Spirit   .   c - +0 hat
rElec    .         Reflect  .   (no cloak)
rCorr    .         Harm     .   (no gloves)
MR       .....                  (no boots)
Stlth    +.........             (no amulet)
HPRegen  0.15/turn              (no ring)
MPRegen  0.09/turn              (no ring)

@: no status effects
A: retaliatory headbutt, horns 2
a: Renounce Religion


You were on level 3 of the Dungeon.
You worshipped Vehumet.
Vehumet was noncommittal.
You were not hungry.

You visited 1 branch of the dungeon, and saw 3 of its levels.

You collected 78 gold pieces.

Inventory:

Hand Weapons
 a - a +0 long sword
 f - a +0 whip
 g - a +0 club
 i - a +0 club
 k - a +0 club
 m - a +0 club
 p - a +0 hunting sling
 q - a +0 dagger
 r - a +0 dagger
 s - a +0 dagger
 w - a +3 short sword of electrocution (weapon)
 F - a +0 hand axe
 J - a cursed -3 club
 K - a +0 club
Missiles
 d - 4 throwing nets (quivered)
 e - 62 arrows
 h - 78 stones
 D - 44 sling bullets
Armour
 b - a +0 leather armour (worn)
 c - a +0 hat (worn)
 n - a +0 robe
 t - a +0 scale mail
 v - a +0 leather armour
 z - a +0 chain mail
 B - a +0 ring mail
 M - a +0 robe
Jewellery
 l - an uncursed ring of fire
Wands
 G - a wand of disintegration (13)
 I - a wand of polymorph (12)
Scrolls
 j - a scroll of identify
 u - a scroll of enchant weapon {unknown}
 x - 2 scrolls of fear {unknown}
 y - 3 scrolls of magic mapping
 A - a scroll of amnesia {unknown}
 E - a scroll of blinking {unknown}
 H - 2 scrolls of fog {unknown}
 L - a scroll of remove curse {unknown}
Potions
 o - a potion of flight {unknown}
Comestibles
 C - a ration


   Skills:
 + Level 3.0 Fighting
 + Level 0.1(3.0) Short Blades
 * Level 5.5 Long Blades
 + Level 1.7(2.4) Slings
 + Level 2.2(2.5) Throwing
 + Level 1.8 Armour
 + Level 3.7 Dodging
 + Level 0.2 Stealth


You had 4 spell levels left.
You didn't know any spells.
Your spell library was empty.

Dungeon Overview and Level Annotations

Branches:
Dungeon (3/15)

Altars:
Gozag
Vehumet

Annotations:
D:2 1 exclusion
D:3 Sigmund


Innate Abilities, Weirdness & Mutations

You reflexively headbutt those who attack you in melee.
You have a pair of horns on your head.


Message History

A puff of flame appears from out of thin air!
The puff of flame hits you!
* * * LOW HITPOINT WARNING * * *
Something hits you.
* * * LOW HITPOINT WARNING * * *
You hit the worm.
The worm is lightly wounded.
Something hits you!
* * * LOW HITPOINT WARNING * * *
The worm misses you.
You hit the worm but do no damage. Your headbutt misses the worm.
The worm is lightly wounded.
You hit the worm. Your headbutt misses the worm.
The worm is heavily wounded.
Something hits you but does no damage. The worm closely misses you.
You hit the worm. Lightning courses through the worm!
You kill the worm!
Vehumet accepts your kill. Something hits you.
You die...

....... ..
....... .#
....... #.#
......$ ..
#...... ##.#
### #......
#..#...
......{##.##.#
#.)@....# ##
####.#..#### #.
#........ #.
#######.#######
#. #.##....# #.
#†##.#..# #. #.
#.##...## #.#
##.###.##..##
..##..........#


There were no monsters in sight!

Vanquished Creatures
  An iguana (D:3)
  Terence (D:2)
  5 adders
  An adder skeleton (D:2)
  3 worms
  2 dart slugs
  A leopard gecko (D:3)
  4 bats
  2 giant cockroaches
  9 goblins
  5 hobgoblins
  3 jackals (D:1)
  2 frilled lizards (D:1)
  6 kobolds
  8 rats
53 creatures vanquished.

Notes
Turn   | Place    | Note
-------+----------+-------------------------------------------
     0 | D:1      | lapinsky the Minotaur Gladiator began the quest for the
                  | Orb.
     0 | D:1      | Reached XP level 1. HP: 18/18 MP: 0/0
   174 | D:1      | Reached skill level 4 in Long Blades
   229 | D:1      | Reached XP level 2. HP: 25/25 MP: 1/1
   692 | D:1      | Reached XP level 3. HP: 30/30 MP: 2/2
  1856 | D:2      | Reached skill level 1 in Slings
  2019 | D:2      | Found a radiant altar of Vehumet.
  2033 | D:2      | Became a worshipper of Vehumet
  2036 | D:2      | Noticed Terence
  2041 | D:2      | Killed Terence
  2041 | D:2      | Reached XP level 4. HP: 26/37 MP: 3/3
  2047 | D:2      | Reached skill level 1 in Armour
  2091 | D:2      | Found an opulent altar of Gozag.
  2118 | D:2      | Reached skill level 5 in Long Blades
  2547 | D:3      | Reached XP level 5. HP: 39/45 MP: 4/4
  2667 | D:3      | Noticed Sigmund
  2688 | D:3      | HP: 2/45 [something (7)]
  2691 | D:3      | Slain by Sigmund

Skill      XL: |  1  2  3  4 |
---------------+-------------+-----
Long Blades    | 4 5 |  5.5
Slings         | 1 |  1.7
Armour         | 1 |  1.8
Fighting       | 3 |  3.0
Short Blades   | |  0.1
Throwing       | |  2.2
Dodging        | |  3.7
Stealth        | |  0.2

Action                   |  1- 3 |  4- 6 || total
-------------------------+-------+-------++-------
Melee: Long sword        |    44 |     3 ||    47
       Headbutt          |     3 |     7 ||    10
       Short sword       |       |    41 ||    41
 Fire: Hunting sling     |    13 |       ||    13
Throw: Throwing net      |     3 |       ||     3
  Use: Scroll            |     3 |       ||     3
  Eat: Ration            |     2 |       ||     2
Armor: Leather armour    |    14 |     7 ||    21
Dodge: Dodged            |    60 |    21 ||    81
       Rpst.: Long sword |    10 |       ||    10
